 Dungeon Crawl Stone Soup version 0.28.0-43-g3370ac3207 (webtiles) character file.

Game seed: 2166431130112154614

32795 madmanrnold the Impaler (level 14, -9/124 HPs)
             Began as a Formicid Fighter on Mar 28, 2022.
             Was an Initiate of Yredelemnul.
             Mangled by a two-headed ogre
             ... wielding a +0 giant club
              (17 damage)
             ... on level 13 of the Dungeon.
             The game lasted 00:30:53 (16965 turns).

madmanrnold the Impaler (Formicid Fighter)         Turns: 16965, Time: 00:30:54

Health: -9/124     AC: 27    Str: 33    XL:     14   Next: 4%
Magic:  23/23      EV:  5    Int:  7    God:    Yredelemnul [......]
Gold:   506        SH:  8    Dex: 10    Spells: 13/13 levels left

rFire   + . .      SeeInvis +   o - +2 halberd (venom)
rCold   + + +      Faith    +   y - +0 kite shield {rC+}
rNeg    . . .      Spirit   .   w - +1 crystal plate armour {rC+}
rPois   +          Reflect  .   (helmet unavailable)
rElec   +          Harm     .   p - +2 cloak
rCorr   +          Rampage  .   (no gloves)
Will    ++...                   z - +1 pair of boots of Impatience {Will+}
Stlth   ..........              t - amulet of faith
HPRegen 0.30/turn               k - +6 ring of strength
MPRegen 0.18/turn               x - ring of magical power

@: resistant
A: permanent stasis, dig shafts and tunnels, antennae 3, four strong arms
a: Dig, Shaft Self, Renounce Religion, Recall Undead Harvest


You were on level 13 of the Dungeon.
You worshipped Yredelemnul.
Yredelemnul was noncommittal.
You visited 3 branches of the dungeon, and saw 16 of its levels.
You also visited: Ice Cave.

You collected 810 gold pieces.
You spent 304 gold pieces at shops.

Inventory:

Hand Weapons
 a - a +0 trident
 e - a +4 trident of flaming
 o - a +2 halberd of venom (weapon)
Missiles
 h - 2 throwing nets
Armour
 m - a +1 plate armour
 p - a +2 cloak (worn)
 w - a +1 crystal plate armour of cold resistance (worn)
 y - a +0 kite shield of cold resistance (worn)
 z - the +1 pair of boots of Impatience (worn) {Will+}
   (You found it in an ice cave)

   Will:      It increases your willpower.
Jewellery
 k - a +6 ring of strength (left hand)
 t - an amulet of faith (around neck)
 x - a ring of magical power (right hand)
Wands
 b - a wand of flame (26)
 f - a wand of iceblast (9)
 j - a wand of digging (7)
 v - a wand of polymorph (12)
Scrolls
 g - 4 scrolls of fog
 i - 5 scrolls of identify
 q - 2 scrolls of amnesia
 B - 2 scrolls of summoning
 D - 2 scrolls of fear
Potions
 c - a potion of invisibility
 d - 2 potions of might
 l - 3 potions of ambrosia
 n - 2 potions of brilliance
 r - 3 potions of curing
 u - 4 potions of attraction
Miscellaneous
 s - a piece from Xom's chessboard (15/15)
 A - a phial of floods


   Skills:
 + Level 15.8 Fighting
 - Level 16.0 Polearms
 - Level 10.0 Armour
 - Level 3.6 Shields


You had 13 spell levels left.
You didn't know any spells.
Your spell library contained the following spells:

 Spells                   Type           Power      Damage    Failure   Level
 Apportation              Tloc           0%         N/A       100%        1
 Magic Dart               Conj           0%         1d3       100%        1
 Call Imp                 Summ           0%         N/A       100%        2
 Conjure Flame            Conj/Fire      0%         6-21      100%        3
 Ignite Poison            Fire/Tmut/Pois 0%         N/A       100%        3
 Mephitic Cloud           Conj/Pois/Air  0%         N/A       100%        3
 Fulminant Prism          Conj/Hex       0%         3d6       100%        4
 Iskenderun's Mystic Bla  Conj/Tloc      0%         2d3       100%        4
 Sticky Flame             Conj/Fire      0%         2d3       100%        4
 Alistair's Intoxication  Tmut/Pois      0%         N/A       100%        5
 Freezing Cloud           Conj/Ice/Air   0%         6-21      100%        5
 Lee's Rapid Deconstruct  Erth           0%         3d5*      100%        5


Dungeon Overview and Level Annotations

Branches:
Dungeon (14/15)            Temple (1/1) D:6            Lair (1/6) D:8
  IceCv (visited)
    Orc: D:9-12      Vaults: D:13-14

Altars:
Ashenzari
Cheibriados
Dithmenos
Elyvilon
Fedhas
Gozag
Hepliaklqana
Kikubaaqudgha
Makhleb
Nemelex Xobeh
Okawaru
Qazlal
Ru
Sif Muna
Trog
Uskayaw
Vehumet
Wu Jian
Xom
Yredelemnul
Zin
The Shining One

Shops:
D:5 (   D:9 =   D:11 *


Innate Abilities, Weirdness & Mutations

You cannot be hasted, slowed, berserked, paralysed or teleported.
You can dig through walls and to a lower floor.
You have a pair of large antennae on your head. (SInv)
Your four strong arms can wield two-handed weapons with a shield.


Message History

Something misses the rakshasa.
Something bites the rakshasa. x2
Something bites the rakshasa!
Something bites the rakshasa but does no damage. x2
Something closely misses the rakshasa.
Something bites the rakshasa but does no damage. x2
Something bites the rakshasa. x2
The two-headed ogre hits you with a +0 giant club!!
* * * LOW HITPOINT WARNING * * *
You block the two-headed ogre's attack.
Something bites the rakshasa!
The injured rakshasa weaves a defensive illusion!
Something closely misses the rakshasa.
Something bites the rakshasa.
Something bites the rakshasa but does no damage.
Something bites the rakshasa. x3
Something bites the rakshasa but does no damage.
Something bites the rakshasa.
Something misses the rakshasa.
Something bites the rakshasa.
Something barely misses the rakshasa. x2
Something bites the rakshasa but does no damage.
Something barely misses the rakshasa.
Something bites the rakshasa but does no damage.
Something closely misses the rakshasa.
Unknown command.
You feel a bit more experienced.
You have reached level 14!
There is a stone staircase leading up here.
The two-headed ogre barely misses you. You block the two-headed ogre's attack.
You feel a bit more experienced.
You climb upwards.
There is a stone staircase leading down here.
You feel protected. You block the two-headed ogre's attack.
The two-headed ogre hits you with a +0 giant club!
* * * LOW HITPOINT WARNING * * *
You puncture the two-headed ogre!
The two-headed ogre looks as sick as possible!
The two-headed ogre is lightly wounded.
You barely miss the two-headed ogre.
The two-headed ogre is moderately wounded.
The two-headed ogre hits you with a +0 giant club!
You die...
Your body rises from the dead as a mindless zombie.

#.#########.......###.
#.##........##........
#.##.#.#.##.##.#..####
#.##..#...........# ########
##.##.#...##.#####.#
#......####...#)##.###.#####.#
#Z####................ZZZ...Z####
#Z####..###......#.#.###.####Z.ZZ
#.##.......#....@O.....#.# #.###
...........#.#...###.....# #.#..
#.......##[#.##.## #.....# #.#..
####.##.##.#.##### ##...## #....
####.##...[......# #...#####.##.
.Z).Z.####.#####.# #............
..Z...# #<...##.####(...####.##.
......# ##Z##.#...............###
......# #.#............Z.........


You could see a two-headed ogre (extremely poisoned).

Vanquished Creatures
  A frost giant (IceCv)
  Harold (D:11)
  A hydra (D:14)
  Fannar (D:11)
  6 two-headed ogres
  4 death yaks (IceCv)
  A deep elf archer (D:9)
  2 cyclopes (D:13)
  2 ugly things
  An ice statue (IceCv)
  A gargoyle (D:10)
  An unseen horror (D:11)
  A kobold demonologist (D:11)
  4 trolls
  7 polar bears (IceCv)
  2 slime creatures (D:13)
  3 wyverns
  2 wraiths
  A vampire (D:7)
  A water elemental (D:11)
  2 basilisks (D:7)
  A fire elemental (D:12)
  24 yaks
  A vampire mosquito (D:7)
  Grum (D:10)
  Menkaure (D:4)
  4 water moccasins
  4 ice beasts
  5 black bears
  A hornet zombie (D:7)
  4 orc warriors
  2 sky beasts
  A necrophage (D:7)
  11 wolves
  4 centaurs
  4 ogres
  A phantom (D:5)
  2 kobold brigands
  5 bullfrogs
  2 wyvern zombies
  A gnoll sergeant (D:10)
  A wyvern skeleton (D:7)
  9 wights (D:9)
  2 howler monkeys
  An electric eel (D:11)
  A lava snake (D:12)
  2 hounds
  5 centaur zombies
  3 jellies
  A gnoll shaman (D:7)
  3 orc priests
  6 iguanas
  15 orc wizards
  A killer bee zombie (D:7)
  A hound skeleton (D:4)
  2 howler monkey zombies
  12 gnolls
  A howler monkey skeleton (D:5)
  4 adders
  A shadow imp (D:6)
  2 ufetubi
  2 worms
  4 dart slugs
  24 orcs
  2 bats (D:1)
  5 endoplasms
  A giant cockroach (D:2)
  8 goblins
  6 hobgoblins
  2 quokkas
  9 ball pythons
  4 frilled lizards
  5 kobolds
  6 rats
  A rat zombie (D:5)
276 creatures vanquished.

Vanquished Creatures (collateral kills)
  A rakshasa (D:14)
  3 death yaks (IceCv)
  4 two-headed ogres
  A cyclops (D:13)
  A gargoyle (D:13)
  A slime creature (D:13)
  3 yaks (IceCv)
  A shadow (D:10)
  4 wolves (IceCv)
  An electric eel (D:11)
  4 orc wizards
  2 gnolls (D:10)
  An orc (D:11)
27 creatures vanquished.

Vanquished Creatures (others)
  A spectral slime creature (D:13)
  3 death yak zombies (IceCv)
  Psyche (D:11)
  3 two-headed ogre zombies
  2 human zombies (D:11)
  2 polar bear zombies (IceCv)
  12 yak zombies (IceCv)
  8 wolf zombies
  A kobold zombie (D:11)
  A howler monkey zombie (D:9)
  6 orc zombies
  An orc (D:11)
  A gnoll zombie (D:10)
  40 fungi (D:8)
  48 plants (D:8)
130 creatures vanquished.

Grand Total: 433 creatures vanquished

Notes
Turn   | Place    | Note
-------+----------+-------------------------------------------
     0 | D:1      | madmanrnold the Formicid Fighter began the quest for the
                  | Orb.
     0 | D:1      | Reached XP level 1. HP: 18/18 MP: 1/1
   154 | D:1      | Reached XP level 2. HP: 23/24 MP: 2/2
   316 | D:1      | Found a faded altar of an unknown god.
   326 | D:1      | Reached XP level 3. HP: 20/30 MP: 3/3
   473 | D:1      | Reached skill level 3 in Polearms
  1014 | D:2      | Identified the +0 leather armour of the Gusle {rPois}
  1868 | D:3      | Reached XP level 4. HP: 34/37 MP: 4/4
  1943 | D:3      | Reached skill level 4 in Polearms
  1943 | D:3      | Reached XP level 5. HP: 34/43 MP: 5/5
  2340 | D:3      | Reached XP level 6. HP: 46/49 MP: 6/6
  2452 | D:3      | Reached skill level 5 in Polearms
  2795 | D:4      | Identified a scroll of acquirement
  2795 | D:4      | Acquired a +4 trident of flaming
  2832 | D:4      | Noticed an ogre
  2833 | D:4      | Found a shimmering altar of Xom.
  2837 | D:4      | Killed an ogre
  2838 | D:4      | Reached skill level 5 in Fighting
  2879 | D:4      | Noticed an ogre
  2892 | D:4      | Killed an ogre
  2893 | D:4      | Reached skill level 6 in Polearms
  2893 | D:4      | Reached XP level 7. HP: 40/56 MP: 7/7
  3167 | D:4      | Noticed Menkaure
  3178 | D:4      | Killed Menkaure
  3243 | D:4      | Reached skill level 7 in Polearms
  3367 | D:5      | Entered Level 5 of the Dungeon
  3386 | D:5      | Reached XP level 8. HP: 60/63 MP: 8/8
  3411 | D:5      | Found an iron altar of Okawaru.
  3440 | D:5      | Found Bigheq's Antique Weapon Boutique.
  3548 | D:5      | Found an ancient bone altar of Kikubaaqudgha.
  3711 | D:5      | Reached skill level 8 in Polearms
  4106 | D:6      | Reached skill level 9 in Polearms
  4597 | D:6      | Found an ornate altar of the Wu Jian Council.
  4695 | D:6      | Found a staircase to the Ecumenical Temple.
  4868 | Temple   | Entered the Ecumenical Temple
  5137 | D:7      | Reached XP level 9. HP: 68/68 MP: 9/9
  5145 | D:7      | Reached skill level 10 in Polearms
  5674 | D:7      | Reached skill level 11 in Polearms
  6145 | D:7      | Found a faded altar of an unknown god.
  6147 | D:7      | Found a hazy altar of Hepliaklqana.
  6642 | D:7      | Noticed a two-headed ogre
  6859 | D:7      | Reached skill level 12 in Polearms
  7052 | D:7      | Reached XP level 10. HP: 60/74 MP: 10/10
  7095 | D:7      | Noticed a two-headed ogre
  7102 | D:7      | HP: 1/74 [two-headed ogre/+0 giant club (7)]
  7103 | D:7      | Killed a two-headed ogre
  7104 | D:7      | Reached skill level 13 in Polearms
  7833 | D:7      | Killed a two-headed ogre
  7834 | D:7      | Reached skill level 14 in Polearms
  8406 | D:8      | Reached XP level 11. HP: 71/87 MP: 11/11
  8581 | D:8      | Found a staircase to the Lair.
  8806 | D:8      | Reached skill level 10 in Fighting
  9328 | Lair:1   | Entered Level 1 of the Lair of Beasts
  9395 | D:9      | Found Mobi's One-of-a-Kind Rings.
  9418 | D:9      | Found a basalt altar of Yredelemnul.
  9423 | D:9      | Became a worshipper of Yredelemnul the Dark
  9451 | D:9      | Found an opulent altar of Gozag.
  9463 | D:9      | Reached skill level 5 in Armour
  9809 | D:9      | Noticed a deep elf archer
  9826 | D:9      | Reached * piety under Yredelemnul
 10512 | D:9      | Killed a deep elf archer
 10702 | D:10     | Entered Level 10 of the Dungeon
 11105 | D:10     | Noticed a two-headed ogre
 11198 | D:10     | Noticed Grum
 11212 | D:10     | Killed a two-headed ogre
 11380 | D:10     | Killed Grum
 11417 | D:10     | Noticed a two-headed ogre
 11425 | D:10     | Killed a two-headed ogre
 11426 | D:10     | Reached ** piety under Yredelemnul
 11633 | D:10     | Reached *** piety under Yredelemnul
 11654 | D:10     | Noticed a two-headed ogre
 11663 | D:10     | Killed a two-headed ogre
 11686 | D:10     | Reached **** piety under Yredelemnul
 11690 | D:10     | Reached XP level 12. HP: 96/100 MP: 12/12
 11910 | D:10     | Found a white marble altar of Elyvilon.
 12248 | D:11     | Noticed Harold
 12270 | D:11     | Killed Harold
 12390 | D:11     | Noticed Psyche
 12392 | D:11     | Noticed Fannar
 12407 | D:11     | Killed Psyche
 12407 | D:11     | Your ally Harold died
 12408 | D:11     | Killed Fannar
 12918 | D:11     | Found Esiosut's Assorted Antiques.
 12926 | D:11     | Bought a scroll of summoning for 275 gold pieces
 12926 | D:11     | Bought a scroll labelled ITTUEGGEMI for 29 gold pieces
 13028 | D:11     | Noticed a two-headed ogre
 13031 | D:11     | Reached skill level 10 in Armour
 13034 | D:11     | Your ally Psyche died
 13036 | D:11     | Killed a two-headed ogre
 13043 | D:11     | Noticed a two-headed ogre
 13048 | D:11     | Killed a two-headed ogre
 13666 | D:12     | Found a frozen archway.
 13676 | IceCv    | Entered an ice cave
 13941 | IceCv    | Noticed a death yak
 13950 | IceCv    | Killed a death yak
 13950 | IceCv    | Reached ***** piety under Yredelemnul
 13958 | IceCv    | Reached ****** piety under Yredelemnul
 14199 | IceCv    | Reached XP level 13. HP: 109/109 MP: 13/13
 14234 | IceCv    | Reached skill level 15 in Polearms
 14708 | IceCv    | Noticed a frost giant
 14751 | IceCv    | Killed a frost giant
 14782 | IceCv    | Identified the +1 pair of boots of Impatience {Will+}
 15396 | D:12     | Reached skill level 16 in Polearms
 16000 | D:13     | Reached skill level 15 in Fighting
 16940 | D:14     | Noticed a six-headed hydra
 16945 | D:14     | Noticed a rakshasa
 16956 | D:14     | Killed a 17-headed hydra
 16960 | D:14     | Killed a rakshasa
 16961 | D:14     | Reached XP level 14. HP: 15/124 MP: 14/14
 16965 | D:13     | Mangled by a two-headed ogre

Illustrated notes

Levels and vault maps discovered:
D:1:      zelgadis_glass_arrival_small, layout_basic,
          nicolae_ecumenical_snake_handling
D:2:      layout_basic
D:3:      minmay_wonky_spiral, layout_rooms, minmay_strange_pillars
D:4:      layout_cave_pools, mainiacjoe_overflow_chevrons, corexii_checkpoint_b,
          uniq_menkaure
D:5:      layout_rooms, lemuel_crystal_altar, lemuel_zombie_altar_kikubaaqudgha,
          serial_shops, nicolae_lakefront_shop
D:6:      layout_cave_pools, mainiacjoe_overflow_24_doors,
          minmay_temple_entry_arrows, chequers_serial_rivers_micro_e
D:7:      kennysheep_windowed_halls, layout_layer_cave,
          beargit_hepliaklqana_dungeon_heroes
D:8:      layout_basic, due_lair_maze_entry_diamond
D:9:      layout_loops_ring, lemuel_doored_altar, mainiacjoe_overflow_boulevard,
          nicolae_shop_unique_rings, amethyst_killhole, wad_dig_loot
D:10:     minmay_flawed_box, layout_long_grid, elyvilon_altar_1,
          kennysheep_crisscross, uniq_erolcha, uniq_grum
D:11:     layout_loops_ring, erik_orc_2, serial_shops,
          nicolae_shop_competitors_out_of_business, uniq_fannar, uniq_psyche,
          uniq_harold
D:12:     layout_loops_ring, portal_ice_cave_entry_pillars_2,
          kennysheep_big_empty_room
D:13:     layout_loops_cross
D:14:     layout_cave_pools, ximxim_vaults_locker_room, chequers_garden,
          uniq_josephine
Temple:   minmay_temple_curvy_branch
Lair:1:   hellmonk_ruined_rings, layout_hall_layers,
          infiniplex_staircase_pool_2, grunt_megastairs_2, lemuel_fruit_tree

Skill      XL: |  1  2  3  4  5  6  7  8  9 10 11 12 13 |
---------------+----------------------------------------+-----
Polearms       | 3 4 6 7 9 12 14 16 | 16.0
Fighting       | 4 5 8 11 12 15 | 15.8
Armour         | 8 10 | 10.0
Shields        | |  3.6

Action                   |  1- 3 |  4- 6 |  7- 9 | 10-12 | 13-15 || total
-------------------------+-------+-------+-------+-------+-------++-------
Melee: Trident           |   117 |    93 |   214 |   331 |       ||   755
       Halberd           |       |       |       |   122 |   180 ||   302
 Abil: Dig               |       |       |       |     3 |       ||     3
  Use: Scroll            |       |     6 |     4 |     6 |       ||    16
       Potion            |       |     2 |     1 |     7 |     1 ||    11
 Stab: Distracted        |       |       |       |     3 |     1 ||     4
Armor: Scale mail        |    45 |    23 |    21 |       |       ||    89
       Plate armour      |       |       |    83 |   103 |       ||   186
       Crystal plate arm |       |       |       |       |   147 ||   147
Dodge: Dodged            |    35 |    32 |    63 |    46 |    24 ||   200
Block: Buckler           |    16 |    18 |    31 |    44 |     7 ||   116
       Kite shield       |       |       |       |       |    30 ||    30
